 Dungeon Crawl Stone Soup version 0.26-a0-651-gb41185065b (webtiles) character file.

Game seed: 17397418133819885480

18 Lanoc the Skirmisher (level 2, 0/26 HPs)
             Began as a Draconian Fighter on Oct 9, 2020.
             Slain by a kobold
             ... wielding a +0 whip
              (3 damage)
             ... on level 3 of the Dungeon.
             The game lasted 00:00:50 (491 turns).

Lanoc the Skirmisher (Draconian Fighter)             Turns: 491, Time: 00:00:51

Health: 0/26       AC:  4    Str: 18    XL:     2   Next: 48%
Magic:  2/2        EV: 10    Int:  8    God:
Gold:   76         SH:  8    Dex: 10    Spells: 1/1 levels left

rFire    . . .     SeeInvis .   a - +0 long sword
rCold    . . .     Faith    .   b - +0 kite shield
rNeg     . . .     Spirit   .   (armour unavailable)
rPois    .         Reflect  .   (helmet restricted)
rElec    .         Harm     .   (no cloak)
rCorr    .         Rampage  .   (no gloves)
MR       .....                  (no boots)
Stlth    +.........             (no amulet)
HPRegen  0.08/turn              (no ring)
MPRegen  0.08/turn              (no ring)

@: mighty
A: unfitting armour, cold-blooded, AC +4
a: no special abilities


You were on level 3 of the Dungeon.
You visited 1 branch of the dungeon, and saw 3 of its levels.

You collected 76 gold pieces.

Inventory:

Hand Weapons
 a - a +0 long sword (weapon)
Armour
 b - a +0 kite shield (worn)
Scrolls
 d - a scroll of remove curse {unknown}
 h - a scroll of blinking {unknown}
 i - a scroll of magic mapping {unknown}
Potions
 e - a potion of curing {unknown}
 f - 2 potions of mutation {unknown}
 g - a potion of flight {unknown}


   Skills:
 + Level 3.5 Fighting
 * Level 2.6 Long Blades
 + Level 2.9 Dodging
 - Level 3.0 Shields


You had one spell level left.
You didn't know any spells.
Your spell library was empty.

Dungeon Overview and Level Annotations

Branches:
Dungeon (3/15)

Altars:

Annotations:
D:3 Grinder


Innate Abilities, Weirdness & Mutations

Your plain brown scales are hard. (AC +4)
You cannot fit into any form of body armour.
You are cold-blooded and may be slowed by cold attacks.


Message History

You can move again.
You hit Grinder.
Grinder is severely wounded.
You block the kobold's attack. Grinder hits you.
You writhe in agony.
You hit Grinder.
Grinder is severely wounded.
The kobold hits you but does no damage. Grinder hits you.
* * * LOW HITPOINT WARNING * * *
The kobold hits you with a +0 whip.
* * * LOW HITPOINT WARNING * * *
You closely miss Grinder. You tail-slap Grinder.
Grinder is almost dead.
Grinder gestures at you.
You shrug off the repeated paralysis!
The kobold closely misses you. Grinder gestures at you.
You shrug off the repeated paralysis!
You barely miss Grinder.
Grinder is almost dead.
The kobold hits you with a +0 whip.
You die...

.. ## .. .# #######
#. .# # (>.....
.##.##.# .......
......[##
......K####........
......5@...........
.......###.........
....... #.#...####
..?.... #.##.##
##########.##.#
#.........#.#
#.####......#
#.##......###
#.##.#.####


You could see Grinder and a kobold.

Vanquished Creatures
  2 dart slugs
  A leopard gecko (D:1)
  2 goblins
  A quokka (D:2)
  2 bats (D:1)
  2 frilled lizards
  2 kobolds (D:2)
  3 rats
15 creatures vanquished.

Notes
Turn   | Place    | Note
-------+----------+-------------------------------------------
     0 | D:1      | Lanoc the Draconian Fighter began the quest for the Orb.
     0 | D:1      | Reached XP level 1. HP: 19/19 MP: 1/1
    81 | D:1      | Reached XP level 2. HP: 12/26 MP: 2/2
   473 | D:3      | Noticed Grinder
   483 | D:3      | Paralysed by Grinder for 5 turns
   491 | D:3      | Slain by a kobold

Illustrated notes

Levels and vault maps discovered:
D:1:      dpeg_arrival_boxes_within_box, layout_basic
D:2:      layout_basic
D:3:      layout_loops_cross, minmay_quantized, uniq_grinder, uniq_robin,
          uniq_sigmund, uniq_natasha

Action                   || total
-------------------------++-------
Melee: Long sword        ||    54
       Tailslap          ||     8
  Use: Potion            ||     1
Armor: Skin              ||    20
Dodge: Dodged            ||    27
Block: Kite shield       ||    31
       Rpst.: Long sword ||     8

Table legend: (Time is in decaauts)
 A = Elapsed time spent in this place.
 B = Non-inter-level travel time spent in this place.
 C = Inter-level travel time spent in this place.
 D = Time resting spent in this place.
 E = Time spent auto-exploring this place.
 F = Levels seen in this place.
 G = Mean time per level.
                   A        B        C        D        E       F      G
               +--------+--------+--------+--------+--------+-----+--------+
         Total |    509 |    490 |     19 |    164 |    183 |   3 |  169.7 |
       Dungeon |    509 |    490 |     19 |    164 |    183 |   3 |  169.7 |
               +--------+--------+--------+--------+--------+-----+--------+

Top non-repeatable levels by time:
     D:1: 264 daAuts
     D:2: 200 daAuts
     D:3: 44 daAuts
